 Dungeon Crawl Stone Soup version 0.24.1-14-gf8d2b509d9 (webtiles) character file.

Game seed: 17100486874879486380, levelgen mode: deterministic

20 Descartes the Grasshopper (level 2, -1/13 HPs)
             Began as a Felid Warper on June 2, 2020.
             Slain by a leopard gecko (3 damage)
             ... on level 1 of the Dungeon.
             The game lasted 00:01:07 (612 turns).

Descartes the Grasshopper (Felid Warper)             Turns: 612, Time: 00:01:08

Health: -1/13      AC:  1    Str:  7    XL:     2   Next: 58%
Magic:  6/6        EV: 18    Int: 14    God:
Gold:   28         SH:  0    Dex: 15    Spells: 5/5 levels left
                                        Lives:  0   Deaths: 0

rFire    . . .     SeeInvis +     - Unarmed
rCold    . . .     Gourm    .   (shield unavailable)
rNeg     . . .     Faith    .   (armour unavailable)
rPois    .         Spirit   .   (helmet unavailable)
rElec    .         Reflect  .   (cloak unavailable)
rCorr    .         Harm     .   (gloves unavailable)
MR       .....                  (boots unavailable)
Stlth    ++........             (no amulet)
HPRegen  0.04/turn              (no ring)
MPRegen  0.10/turn              (no ring)

@: quick
A: very small, no armour, no weapons or thrown items, stealth, claws 1, fangs 3,
see invisible, carnivore, speed 1, shaggy fur 1, slow metabolism 1, sharp paws
a: no special abilities


You were on level 1 of the Dungeon.
You were completely stuffed.

You visited 1 branch of the dungeon, and saw 1 of its levels.

You collected 28 gold pieces.

Inventory:

Missiles
 e - 6 stones
Scrolls
 a - a scroll of teleportation {unknown}
 b - a scroll of blinking
Comestibles
 c - 5 rations
 d - 2 chunks of flesh


   Skills:
 + Level 2.1 Fighting
 + Level 3.5 Dodging
 * Level 1.9 Stealth
 * Level 2.4 Unarmed Combat
 - Level 2.0 Spellcasting
   Level 4.4 Translocations


You had 5 spell levels left.
You didn't know any spells.
Your spell library contained the following spells:

 Spells                   Type           Power        Failure   Level  Hunger
 Blink                    Tloc           N/A          6%          2    ###....
 Gell's Gravitas          Tloc           ##........   12%         3    ####...
 Lesser Beckoning         Tloc           ##........   12%         3    ####...
 Teleport Other           Tloc           ##......     12%         3    ####...
 Shroud of Golubria       Chrm/Tloc      #.....       14%         2    ###....
 Passage of Golubria      Tloc           N/A          36%         4    #####..


Dungeon Overview and Level Annotations

Branches:
Dungeon (1/15)

Altars:


Innate Abilities, Weirdness & Mutations

You cannot wear armour.
You are incapable of wielding weapons or throwing items.
Your paws allow you to move quietly. (Stealth)
You have sharp claws.
You have razor-sharp teeth.
You have supernaturally acute eyesight. (SInv)
You are carnivorous and can eat meat at any time.
You cover ground quickly.
You are covered in fur. (AC +1)
You have a slow metabolism.
Your sharp claws are effective at attacking unaware monsters.


Message History

The leopard gecko bites you.
The frilled lizard completely misses you.
The hobgoblin barely misses you.
You open the door. The leopard gecko misses you.
The hobgoblin completely misses you. The rat bites you.
* * * LOW HITPOINT WARNING * * *
There is an open door, spattered with blood here.
Things that are here:
a +1 dagger of speed; a goblin skeleton The leopard gecko completely misses you.
The leopard gecko barely misses you.
You barely miss the leopard gecko. Your bite misses the leopard gecko.
The leopard gecko closely misses you. The leopard gecko bites you.
* * * LOW HITPOINT WARNING * * *
You barely miss the leopard gecko. The leopard gecko misses you.
You scratch the leopard gecko.
The leopard gecko is heavily wounded.
The leopard gecko bites you.
You die...

...#
#..#.#######
.#.#####
#...........
........
#.##.##'####
l#.##### #.
####.#### .#.#
### ####
..##..#.#..#
...# #.. ..#
.>#.#.#.#.#.
.### #.# #.#
#..#...#..
.#######.# #.#
####.....##
....>.##.#####
#@#
+.....<....
.....lg.r..r.#
#l#
####.....##
......##.###.#
#r# #..#...#..
..######.# #.#
#.# #.#.#.#.#.
.[.#
#.###.###.#
#####..#.#..#
..##
#.........#
#...####.####
.##
#####.#####
##รท### ##'#
#. .# #.#
##...## #..#
#. .# #######
#.# #.###.#
#.####.


You could see a leopard gecko and a rat.

Vanquished Creatures
  3 dart slugs (D:1)
  A leopard gecko (D:1)
  3 goblins (D:1)
  A hobgoblin (D:1)
  2 kobolds (D:1)
  2 rats (D:1)
12 creatures vanquished.

Notes
Turn   | Place    | Note
-------+----------+-------------------------------------------
     0 | D:1      | Descartes the Felid Warper began the quest for the Orb.
     0 | D:1      | Reached XP level 1. HP: 9/9 MP: 4/4
    51 | D:1      | Reached skill level 1 in Stealth
   204 | D:1      | Reached XP level 2. HP: 13/13 MP: 6/6
   612 | D:1      | Slain by a leopard gecko

Levels and vault maps discovered:
D:1:      nzn_arrival_crosshair, layout_loops_corners, hangedman_glass_teeth

Skill      XL: |  1 |
---------------+----+-----
Stealth        | 1 |  1.9
Fighting       | |  2.1
Dodging        | |  3.5
Unarmed Combat | |  2.4
Spellcasting   | |  2.0
Translocations | |  4.4

Action                   || total
-------------------------++-------
Melee: Unarmed           ||    48
       Bite              ||     4
 Stab: Sleeping          ||     2
  Eat: Chunk             ||     7
Armor: Skin              ||     1
Dodge: Dodged            ||    46
